[Event "GER-ch Youth U14 2019"]
[Site "Willingen"]
[Date "2019.06.12"]
[Round "5.7"]
[White "Deutsch, Christoph"]
[Black "Arakelian, Aik"]
[Result "1/2-1/2"]
[ECO "B28"]
[WhiteElo "1937"]
[BlackElo "1911"]
[Annotator "NA"]
[PlyCount "94"]
[EventDate "2019.06.07"]
[EventType "swiss"]
[EventRounds "9"]
[EventCountry "GER"]
[SourceTitle "playchess.com"]
[Source "ChessBase"]
[SourceQuality "1"]
[TimeControl "40/5400+30:1800+30"]

1. e4 c5 2. Nf3 a6 3. c4 Nc6 4. d4 cxd4 5. Nxd4 Nf6 6. Nc3 e5 7. Nc2 Bc5 8. Be2 d6 9. O-O h6 10. Qd3 O-O 11. Be3 Be6 12. h3 Rc8 13. b3 Nd7 14. Bxc5 Nxc5 15. Qd2 f5 16. Rad1 f4 17. Qxd6 Qg5 18. Bg4 Bxg4 19. hxg4 b6 20. Qd5+ Kh8 21. f3 h5 22. gxh5 Rf6 23. b4 Ne7 24. Qd2 Ne6 25. Nd5 Rh6 26. Nxb6 Rd8 27. Qe2 Qxh5 28. Rxd8+ Nxd8 29. Qd2 Qh2+ 30. Kf2 Qg3+ 31. Ke2 Nf7 32. Nd5 Rh2 33. Ne1 Nc6 34. Kd1 Nd6 35. Nb6 Nd4 36. c5 N6b5 37. Nc4 Qg5 38. Rf2 Rh1 39. Kc1 Qe7 40. Kb2 Qe6 41. Na5 g5 42. Nb3 Nxb3 43. axb3 Nd4 44. Qc3 Rxe1 45. Qxe1 Qxb3+ 46. Kc1 Qa3+ 47. Kb1 Qd3+ {[%emt 0:01:57] normal} 1/2-1/2

[Event "GER-ch Youth U14 2019"]
[Site "Willingen"]
[Date "2019.06.12"]
[Round "5.8"]
[White "Hetzner, Hannes"]
[Black "Evering, Soeren"]
[Result "1-0"]
[ECO "C44"]
[WhiteElo "1996"]
[BlackElo "1879"]
[Annotator "NA"]
[PlyCount "53"]
[EventDate "2019.06.07"]
[EventType "swiss"]
[EventRounds "9"]
[EventCountry "GER"]
[SourceTitle "playchess.com"]
[Source "ChessBase"]
[SourceQuality "1"]
[TimeControl "40/5400+30:1800+30"]

1. e4 e5 2. Nf3 Nc6 3. d4 exd4 4. Nxd4 Bb4+ 5. c3 Bc5 6. Be3 Bb6 7. Nf5 Bxe3 8. Nxe3 Nf6 9. f3 O-O 10. c4 d6 11. Nc3 Bd7 12. Be2 a6 13. O-O Re8 14. Qd2 Ne5 15. a4 Rb8 16. a5 Ng6 17. Rfd1 Nf4 18. Bf1 N6h5 19. Ned5 Qg5 20. g3 Nxg3 21. hxg3 Qxg3+ 22. Bg2 Nh3+ 23. Kf1 Qh2 24. Bxh3 Bxh3+ 25. Ke1 Qg1+ 26. Ke2 Qg2+ 27. Ke3 {[%emt 0:00:26] normal} 1-0

[Event "GER-ch Youth U14 2019"]
[Site "Willingen"]
[Date "2019.06.12"]
[Round "5.10"]
[White "Farokhi, Keyvan"]
[Black "Simukov, Erik"]
[Result "1/2-1/2"]
[ECO "C44"]
[WhiteElo "1963"]
[BlackElo "1904"]
[Annotator "NA"]
[PlyCount "47"]
[EventDate "2019.06.07"]
[EventType "swiss"]
[EventRounds "9"]
[EventCountry "GER"]
[SourceTitle "playchess.com"]
[Source "ChessBase"]
[SourceQuality "1"]
[TimeControl "40/5400+30:1800+30"]

1. e4 e5 2. Nf3 Nc6 3. c3 d5 4. Qa4 Bd7 5. exd5 Nd4 6. Qd1 Nxf3+ 7. Qxf3 Nf6 8. Bc4 Bd6 9. d3 Bg4 10. Qg3 Qd7 11. h3 e4 12. Qe3 Bf5 13. dxe4 O-O 14. Nd2 Nxe4 15. Nxe4 Bxe4 16. O-O Rfe8 17. Qg5 Re5 18. Qg4 Qxg4 19. hxg4 Bxd5 20. Bxd5 Rxd5 21. Be3 Rd8 22. Rfe1 a6 23. Kf1 h6 24. c4 {[%emt 0:06:16] normal} 1/2-1/2

[Event "GER-ch Youth U14 2019"]
[Site "Willingen"]
[Date "2019.06.12"]
[Round "5.11"]
[White "Tham, Nam"]
[Black "Laux, Dominik"]
[Result "1/2-1/2"]
[ECO "B11"]
[WhiteElo "1993"]
[BlackElo "2061"]
[Annotator "NA"]
[PlyCount "64"]
[EventDate "2019.06.07"]
[EventType "swiss"]
[EventRounds "9"]
[EventCountry "GER"]
[SourceTitle "playchess.com"]
[Source "ChessBase"]
[SourceQuality "1"]
[TimeControl "40/5400+30:1800+30"]

1. e4 c6 2. Nc3 d5 3. Nf3 Bg4 4. h3 Bxf3 5. Qxf3 e6 6. d4 dxe4 7. Nxe4 Qxd4 8. c3 Qb6 9. Bg5 Nd7 10. Rd1 f6 11. Bh4 O-O-O 12. Be2 Be7 13. O-O Nh6 14. Bg3 e5 15. Nd2 Nc5 16. Nc4 Qc7 17. Rb1 Ne6 18. b4 Kb8 19. a4 Ng5 20. Qe3 Nf5 21. Qc1 Ne4 22. Kh2 Nfd6 23. Rb2 Nxc4 24. Bxc4 f5 25. Re2 Bf6 26. Rxe4 fxe4 27. Qe3 Rhe8 28. Qxe4 h6 29. Re1 Ka8 30. f3 c5 31. b5 Qd6 32. a5 Re7 {[%emt 0:02:10] normal} 1/2-1/2

[Event "GER-ch Youth U14 2019"]
[Site "Willingen"]
[Date "2019.06.12"]
[Round "5.12"]
[White "Haack, Kevin"]
[Black "Matthaei, Jakob"]
[Result "1-0"]
[ECO "A18"]
[WhiteElo "2033"]
[BlackElo "1666"]
[Annotator "NA"]
[PlyCount "122"]
[EventDate "2019.06.07"]
[EventType "swiss"]
[EventRounds "9"]
[EventCountry "GER"]
[SourceTitle "playchess.com"]
[Source "ChessBase"]
[SourceQuality "1"]
[TimeControl "40/5400+30:1800+30"]

1. c4 Nf6 2. Nc3 e6 3. e4 d5 4. cxd5 exd5 5. e5 Ne4 6. Nf3 Nxc3 7. bxc3 c5 8. d4 Nc6 9. Bd3 c4 10. Bc2 Be7 11. a4 Bg4 12. O-O O-O 13. h3 Bh5 14. Re1 Qd7 15. Qe2 Nd8 16. e6 Nxe6 17. g4 Bg6 18. Ne5 Qc8 19. Bxg6 hxg6 20. Nxg6 fxg6 21. Qxe6+ Qxe6 22. Rxe6 Kf7 23. Re5 Rad8 24. Rb1 Rd7 25. Rxe7+ Rxe7 26. Ba3 Rfe8 27. Bxe7 Rxe7 28. Kg2 g5 29. Rb5 Ke6 30. Kg3 Kd6 31. h4 gxh4+ 32. Kxh4 b6 33. Rb2 Re1 34. Rc2 Ke6 35. Kg5 Kf7 36. a5 b5 37. a6 Rb1 38. Kf5 b4 39. cxb4 Rxb4 40. Ke5 Rb5 41. Kd6 g5 42. Kc6 Rb6+ 43. Kxd5 Rxa6 44. Rxc4 Ra2 45. f3 a5 46. Rc7+ Kf6 47. Rc6+ Kf7 48. Ke5 Rf2 49. Rc3 Kg6 50. Ra3 Re2+ 51. Kd5 Kf6 52. Kd6 Rd2 53. d5 Rd1 54. Rxa5 Rd3 55. Kd7 Rxf3 56. d6 Rg3 57. Rf5+ Kg6 58. Ke6 Rxg4 59. d7 Rd4 60. Rd5 Re4+ {[%emt 0:00:00] normal} 61. Kd6 Re3 {normal} 1-0

[Event "GER-ch Youth U14 2019"]
[Site "Willingen"]
[Date "2019.06.12"]
[Round "5.13"]
[White "Roste, Hugo"]
[Black "Kosev, Momchil"]
[Result "1/2-1/2"]
[ECO "E16"]
[WhiteElo "1287"]
[BlackElo "1827"]
[Annotator "NA"]
[PlyCount "43"]
[EventDate "2019.06.07"]
[EventType "swiss"]
[EventRounds "9"]
[EventCountry "GER"]
[SourceTitle "playchess.com"]
[Source "ChessBase"]
[SourceQuality "1"]
[TimeControl "40/5400+30:1800+30"]

1. d4 Nf6 2. c4 e6 3. Nf3 Bb4+ 4. Bd2 Qe7 5. e3 a5 6. Be2 Ne4 7. O-O b6 8. a3 Bxd2 9. Nbxd2 Bb7 10. Qc2 f5 11. h3 O-O 12. Rfc1 d6 13. b4 axb4 14. axb4 Nd7 15. Nxe4 Bxe4 16. Qc3 Nf6 17. Rxa8 Rxa8 18. Ra1 Rxa1+ 19. Qxa1 h6 20. Nd2 Bc6 21. b5 Be8 {[%emt 0:04:15] normal} 22. Qa8 {[%emt 0:07:18] normal} 1/2-1/2

[Event "GER-ch Youth U14 2019"]
[Site "Willingen"]
[Date "2019.06.12"]
[Round "5.14"]
[White "Schubert, Nikita"]
[Black "Sinnhoefer, Joshua"]
[Result "1-0"]
[ECO "D02"]
[WhiteElo "1806"]
[BlackElo "1466"]
[Annotator "NA"]
[PlyCount "77"]
[EventDate "2019.06.07"]
[EventType "swiss"]
[EventRounds "9"]
[EventCountry "GER"]
[SourceTitle "playchess.com"]
[Source "ChessBase"]
[SourceQuality "1"]
[TimeControl "40/5400+30:1800+30"]

1. d4 d5 2. Nf3 Nf6 3. g3 c5 4. Bg2 Nc6 5. O-O cxd4 6. Nxd4 e5 7. Nxc6 bxc6 8. c4 Be6 9. Bg5 Qd7 10. Nc3 Rd8 11. Qa4 Be7 12. Rfd1 O-O 13. Rd2 Qb7 14. Rad1 e4 15. Bxf6 Bxf6 16. Qa5 Bxc3 17. bxc3 Rb8 18. Qa4 Qb6 19. e3 Rfc8 20. Rc1 h6 21. Rdc2 Rb7 22. Bf1 a5 23. cxd5 cxd5 24. Kg2 Qc5 25. Ba6 Bd7 26. Qd4 Qxd4 27. exd4 Rbc7 28. Bxc8 Rxc8 29. c4 Kf8 30. cxd5 Rxc2 31. Rxc2 Ke7 32. f3 exf3+ 33. Kxf3 Kd6 34. Ke3 a4 35. Rc5 g5 36. Ra5 h5 37. h4 gxh4 38. gxh4 f5 39. Kf4 {[%emt 0:00:45] normal} 1-0

[Event "GER-ch Youth U14 2019"]
[Site "Willingen"]
[Date "2019.06.12"]
[Round "5.15"]
[White "Schauties, Nico Antonio"]
[Black "Haufe, Laurin"]
[Result "1/2-1/2"]
[ECO "A39"]
[WhiteElo "1866"]
[BlackElo "1995"]
[Annotator "NA"]
[PlyCount "38"]
[EventDate "2019.06.07"]
[EventType "swiss"]
[EventRounds "9"]
[EventCountry "GER"]
[SourceTitle "playchess.com"]
[Source "ChessBase"]
[SourceQuality "1"]
[TimeControl "40/5400+30:1800+30"]

1. c4 Nf6 2. Nc3 g6 3. g3 Bg7 4. Bg2 c5 5. Nf3 O-O 6. O-O Nc6 7. d4 cxd4 8. Nxd4 d6 9. Nxc6 bxc6 10. Bxc6 Rb8 11. Bg2 Qa5 12. Qc2 Qh5 13. c5 dxc5 14. Rd1 Bf5 15. Qa4 Bh3 16. Bh1 Be6 17. Bg2 Rb4 18. Qxa7 Ng4 19. h3 {[%emt 0:01:01] normal} Nf6 {[%emt 0:04:25] normal} 1/2-1/2

[Event "GER-ch Youth U14 2019"]
[Site "Willingen"]
[Date "2019.06.12"]
[Round "5.16"]
[White "Bress, Aaron"]
[Black "May, Ben-Iven"]
[Result "0-1"]
[ECO "B98"]
[WhiteElo "1849"]
[BlackElo "1692"]
[Annotator "NA"]
[PlyCount "58"]
[EventDate "2019.06.07"]
[EventType "swiss"]
[EventRounds "9"]
[EventCountry "GER"]
[SourceTitle "playchess.com"]
[Source "ChessBase"]
[SourceQuality "1"]
[TimeControl "40/5400+30:1800+30"]

1. e4 c5 2. Nf3 d6 3. d4 cxd4 4. Nxd4 Nf6 5. Nc3 a6 6. Bg5 e6 7. f4 Be7 8. Qf3 Nbd7 9. O-O-O h6 10. Bxf6 Bxf6 11. g4 g5 12. f5 Ne5 13. Qe2 Qc7 14. Bg2 Bd7 15. Rhf1 O-O 16. Kb1 Rac8 17. h3 b5 18. Qd2 Nc4 19. Qc1 Qb6 20. Nce2 e5 21. Nf3 Ne3 22. Rxd6 Qxd6 23. Qxe3 Qc5 24. Qc1 Bc6 25. Ng3 Qe7 26. Rh1 Rfd8 27. h4 Rd6 28. Bf1 gxh4 29. Nh5 Bxe4 {[%emt 0:00:15] normal} 0-1

[Event "GER-ch Youth U14 2019"]
[Site "Willingen"]
[Date "2019.06.12"]
[Round "5.17"]
[White "Rockmann, Enno"]
[Black "Weidenhoefer, Max"]
[Result "0-1"]
[ECO "B13"]
[WhiteElo "1527"]
[BlackElo "1787"]
[Annotator "NA"]
[PlyCount "62"]
[EventDate "2019.06.07"]
[EventType "swiss"]
[EventRounds "9"]
[EventCountry "GER"]
[SourceTitle "playchess.com"]
[Source "ChessBase"]
[SourceQuality "1"]
[TimeControl "40/5400+30:1800+30"]

1. e4 c6 2. d4 d5 3. exd5 cxd5 4. c4 Nf6 5. Nc3 Nc6 6. cxd5 Nxd5 7. Bc4 Nb6 8. Bb5 Bd7 9. Bf4 a6 10. Be2 e6 11. Nf3 Bb4 12. O-O O-O 13. a3 Bxc3 14. bxc3 Nd5 15. Qd2 Nxf4 16. Qxf4 Ne7 17. Bd3 h6 18. Qe4 g6 19. Qxb7 Bc6 20. Qb2 Bxf3 21. gxf3 Nd5 22. Qd2 Qh4 23. Be4 Rad8 24. c4 Nf4 25. Kh1 Nh3 26. Rad1 Kh7 27. Qb2 Ng5 28. Rfe1 f5 29. Bc6 Rb8 30. Qe2 Rb6 31. d5 Rb2 {[%emt 0:08:33] normal} 0-1

[Event "GER-ch Youth U14 2019"]
[Site "Willingen"]
[Date "2019.06.12"]
[Round "5.18"]
[White "Schulemann, Gero"]
[Black "Straub, Benno"]
[Result "1-0"]
[ECO "C52"]
[WhiteElo "1862"]
[BlackElo "1490"]
[Annotator "NA"]
[PlyCount "33"]
[EventDate "2019.06.07"]
[EventType "swiss"]
[EventRounds "9"]
[EventCountry "GER"]
[SourceTitle "playchess.com"]
[Source "ChessBase"]
[SourceQuality "1"]
[TimeControl "40/5400+30:1800+30"]

1. e4 e5 2. Nf3 Nc6 3. Bc4 Bc5 4. b4 Bxb4 5. c3 Ba5 6. d4 d6 7. Qb3 Qe7 8. O-O Bb6 9. Bb5 a6 10. Bxc6+ bxc6 11. dxe5 dxe5 12. Ba3 Be6 13. Qa4 Qd8 14. Rd1 Bd7 {[%emt 0:02:37] normal} 15. Nxe5 Qf6 16. Nxd7 {[%emt 0:01:55] normal} Qxf2+ 17. Kh1 {[%emt 0:00:03] normal} 1-0

[Event "GER-ch Youth U14 2019"]
[Site "Willingen"]
[Date "2019.06.12"]
[Round "5.19"]
[White "Seng, Alexander"]
[Black "Bornholdt, Joa Max"]
[Result "1-0"]
[ECO "A57"]
[WhiteElo "1505"]
[BlackElo "1754"]
[Annotator "NA"]
[PlyCount "67"]
[EventDate "2019.06.07"]
[EventType "swiss"]
[EventRounds "9"]
[EventCountry "GER"]
[SourceTitle "playchess.com"]
[Source "ChessBase"]
[SourceQuality "1"]
[TimeControl "40/5400+30:1800+30"]

1. d4 Nf6 2. c4 c5 3. d5 b5 4. Qc2 g6 5. e4 d6 6. cxb5 a6 7. Nc3 Bg7 8. Nf3 O-O 9. Be2 axb5 10. Bxb5 Ba6 11. O-O Qc7 12. Bxa6 Nxa6 13. a3 Rfb8 14. Rb1 Nd7 15. Bd2 c4 16. Na2 Nb6 17. Bc3 e5 18. Nb4 Nxb4 19. Bxb4 Qd7 20. Nd2 Rc8 21. Rfc1 f5 22. f3 Bh6 23. Qd1 Be3+ 24. Kh1 f4 25. Qe2 Bxd2 26. Qxd2 Kf7 27. Rc2 Ke7 28. Rbc1 Qa4 29. Qf2 Qa7 30. Qh4+ Ke8 31. Qf6 Qf7 32. Qxd6 Nd7 33. Rxc4 Rxc4 34. Rxc4 {[%emt 0:02:08] normal} 1-0

[Event "GER-ch Youth U14 2019"]
[Site "Willingen"]
[Date "2019.06.12"]
[Round "5.20"]
[White "Gutewort, Paul Emil"]
[Black "Wang, Xinyuan"]
[Result "0-1"]
[ECO "A36"]
[WhiteElo "1708"]
[BlackElo "2060"]
[Annotator "NA"]
[PlyCount "64"]
[EventDate "2019.06.07"]
[EventType "swiss"]
[EventRounds "9"]
[EventCountry "GER"]
[SourceTitle "playchess.com"]
[Source "ChessBase"]
[SourceQuality "1"]
[TimeControl "40/5400+30:1800+30"]

1. c4 c5 2. g3 Nc6 3. Bg2 g6 4. Nc3 Bg7 5. a3 e6 6. Rb1 Nge7 7. e4 d5 8. d3 dxc4 9. dxc4 O-O 10. Nge2 Qxd1+ 11. Nxd1 Ne5 12. Ne3 Nd3+ 13. Kf1 Nc6 14. f4 Nd4 15. Nxd4 Nxc1 16. Nf3 Nb3 17. Ke2 Bd7 18. Rhd1 Ba4 19. Rd3 Rfd8 20. Rxd8+ Rxd8 21. Kf2 Nd2 22. Nxd2 Rxd2+ 23. Ke1 Rxb2 24. Rxb2 Bxb2 25. Nd1 Bxa3 26. Nc3 Bb3 27. Bf1 Bb4 28. Kd2 a5 29. Kd3 a4 30. Nb1 a3 31. Nxa3 Bxa3 32. e5 Ba4 {[%emt 0:01:38] normal} 0-1

[Event "GER-ch Youth U14 2019"]
[Site "Willingen"]
[Date "2019.06.12"]
[Round "5.21"]
[White "Kolmykov, Egor"]
[Black "Wellssow, Keoki"]
[Result "1-0"]
[ECO "B06"]
[WhiteElo "1642"]
[BlackElo "1509"]
[Annotator "NA"]
[PlyCount "70"]
[EventDate "2019.06.07"]
[EventType "swiss"]
[EventRounds "9"]
[EventCountry "GER"]
[SourceTitle "playchess.com"]
[Source "ChessBase"]
[SourceQuality "1"]
[TimeControl "40/5400+30:1800+30"]

1. e4 g6 2. d3 Bg7 3. g3 d6 4. f4 c5 5. Bg2 Qb6 6. Nd2 Nf6 7. Ngf3 Nc6 8. c3 Be6 9. O-O Ng4 10. Qe2 O-O-O 11. Ng5 Nh6 12. Nxe6 fxe6 13. Nc4 Qa6 14. Bh3 b5 15. Bxe6+ Kc7 16. Ne3 b4 17. Bc4 Qa5 18. Nd5+ Kd7 19. cxb4 cxb4 20. Qg2 Ng4 21. Qh3 Bd4+ 22. Kg2 h5 23. Ne3 Bxe3 24. Bxe3 Kc7 25. Bd2 Nd4 26. Bb3 Kb6 27. Bd1 Qb5 28. Bxg4 hxg4 29. Qxg4 Qxd3 30. Rf2 Qxe4+ 31. Kg1 Rxh2 32. Rxh2 Nf3+ 33. Kf2 Nxh2 34. Qe2 Ng4+ 35. Qxg4 Rh8 {[%emt 0:00:36] normal} 1-0

[Event "GER-ch Youth U14 2019"]
[Site "Willingen"]
[Date "2019.06.12"]
[Round "5.22"]
[White "Wildermuth, Nikolas Karl"]
[Black "Divry, Alexandre"]
[Result "1-0"]
[ECO "C63"]
[WhiteElo "1748"]
[BlackElo "1654"]
[Annotator "NA"]
[PlyCount "92"]
[EventDate "2019.06.07"]
[EventType "swiss"]
[EventRounds "9"]
[EventCountry "GER"]
[SourceTitle "playchess.com"]
[Source "ChessBase"]
[SourceQuality "1"]
[TimeControl "40/5400+30:1800+30"]

1. e4 e5 2. Nf3 Nc6 3. Bb5 f5 4. d3 Nf6 5. O-O d6 6. Nc3 Be7 7. exf5 Bxf5 8. d4 exd4 9. Nxd4 Bd7 10. Nxc6 bxc6 11. Be2 O-O 12. Bf3 d5 13. Ne2 Bd6 14. Ng3 Be6 15. Bg5 Rb8 16. Rb1 Be5 17. Qe2 Qd6 18. Rfe1 Nd7 19. c3 Bf7 20. Nf5 Bxh2+ 21. Kh1 Qe5 22. Qxe5 Bxe5 23. Ne7+ Kh8 24. Nxc6 Rbe8 25. Be7 Rg8 26. Bg4 Rxe7 27. Nxe7 Re8 28. Nc6 Nf6 29. Nxe5 Rxe5 30. Rxe5 Nxg4 31. Rf5 Kg8 32. Re1 Bg6 33. Rf4 Nf6 34. Ra4 Ne4 35. Kg1 Nd2 36. Re2 Nc4 37. Rxc4 dxc4 38. Re7 Bb1 39. a3 a5 40. Rxc7 Bd3 41. Ra7 g5 42. Rxa5 g4 43. Rg5+ Kf7 44. Rxg4 h5 45. Rd4 Be2 46. a4 Ke6 {[%emt 0:00:21] normal} 1-0

[Event "GER-ch Youth U14 2019"]
[Site "Willingen"]
[Date "2019.06.12"]
[Round "6.1"]
[White "Krastev, Alexander"]
[Black "Bethke, Richard"]
[Result "1/2-1/2"]
[ECO "B52"]
[WhiteElo "2344"]
[BlackElo "2246"]
[Annotator "NA"]
[PlyCount "54"]
[EventDate "2019.06.07"]
[EventType "swiss"]
[EventRounds "9"]
[EventCountry "GER"]
[SourceTitle "playchess.com"]
[Source "ChessBase"]
[SourceQuality "1"]
[TimeControl "40/5400+30:1800+30"]

1. e4 c5 2. Nf3 d6 3. Bb5+ Bd7 4. c4 Nf6 5. Nc3 g6 6. O-O Bg7 7. d4 cxd4 8. Nxd4 O-O 9. Bxd7 Qxd7 10. b3 Nc6 11. Bb2 Rfc8 12. Re1 Qd8 13. Nd5 Nd7 14. Qd2 Nc5 15. Rab1 Rab8 16. Ba1 a6 17. b4 Nxd4 18. Bxd4 Bxd4 19. Qxd4 Ne6 20. Qd3 Rc6 21. Rec1 Rbc8 22. Rc3 Nc7 23. Rbc1 e5 24. Qe3 Ne6 25. Qh6 Kh8 26. Rh3 Ng5 27. Re3 Ne6 {[%emt 0:10:27] normal} 1/2-1/2

[Event "GER-ch Youth U14 2019"]
[Site "Willingen"]
[Date "2019.06.12"]
[Round "6.2"]
[White "Pubantz, Jan"]
[Black "Lutz, Ruben"]
[Result "1-0"]
[ECO "D30"]
[WhiteElo "2192"]
[BlackElo "2055"]
[Annotator "ChessBase"]
[PlyCount "122"]
[EventDate "2019.06.07"]
[EventType "swiss"]
[EventRounds "9"]
[EventCountry "GER"]
[SourceTitle "playchess.com"]
[Source "ChessBase"]
[SourceQuality "1"]
[TimeControl "40/5400+30:1800+30"]

1. d4 d5 2. c4 e6 3. Nf3 Nf6 4. g3 Bb4+ 5. Nbd2 O-O 6. Bg2 b6 7. O-O Bb7 8. Ne5 Nbd7 9. Ndf3 Be7 10. Qa4 Nxe5 11. Nxe5 Qe8 12. Qc2 c5 13. Rd1 Rc8 14. dxc5 Bxc5 15. Bg5 Nd7 16. Nxd7 Qxd7 17. Qb3 d4 18. Rac1 Bxg2 19. Kxg2 Qb7+ 20. Qf3 Qxf3+ 21. Kxf3 e5 22. Bd2 a5 23. e3 Rc6 24. Ke4 Re8 25. f3 Rd6 26. Be1 Rh6 27. h4 dxe3 28. Bc3 e2 29. Rd5 Bf2 30. Be1 Bd4 31. Rc2 Rc6 32. b3 Kf8 33. Rxe2 f6 34. Bf2 Bxf2 35. Rxf2 Ke7 36. Rfd2 Rc7 37. Rd6 Rb8 38. R6d5 a4 39. Rb5 axb3 40. axb3 Ke6 41. Ra2 Kd6 42. Rd5+ Kc6 43. Rad2 Re7 44. Rd6+ Kc7 45. b4 Ra8 46. b5 Ra4 47. Rc6+ Kb7 48. Rd8 Rc7 49. Kd5 Ra3 50. Rxc7+ Kxc7 51. Rg8 Rd3+ 52. Ke4 Rd7 53. Kf5 Kd6 54. Rc8 Ke7 55. Rc6 Rb7 56. Ke4 Kd7 57. Kd5 Rb8 58. h5 h6 59. Ke4 Ke7 60. Rc7+ Kf8 61. Kf5 Rd8 {[%emt 0:00:34] normal} 1-0

[Event "GER-ch Youth U14 2019"]
[Site "Willingen"]
[Date "2019.06.12"]
[Round "6.3"]
[White "von Krosigk, Florian"]
[Black "Weihrauch, Jakob"]
[Result "0-1"]
[ECO "C77"]
[WhiteElo "1926"]
[BlackElo "2158"]
[Annotator "NA"]
[PlyCount "53"]
[EventDate "2019.06.07"]
[EventType "swiss"]
[EventRounds "9"]
[EventCountry "GER"]
[SourceTitle "playchess.com"]
[Source "ChessBase"]
[SourceQuality "1"]
[TimeControl "40/5400+30:1800+30"]

1. e4 e5 2. Nf3 Nc6 3. Bb5 a6 4. Ba4 Nf6 5. d3 b5 6. Bb3 Bc5 7. O-O O-O 8. Nc3 d6 9. Nd5 h6 10. Nxf6+ Qxf6 11. Bd5 Bd7 12. c3 Rab8 13. h3 Ne7 14. Bb3 Rfd8 15. d4 Bb6 16. a4 c5 17. dxe5 dxe5 18. Qe2 c4 19. Bc2 Ng6 20. Kh1 Bc5 21. axb5 axb5 22. Ng1 b4 23. cxb4 Rxb4 24. Be3 Bd4 25. f4 Bxe3 26. Qxe3 exf4 27. Qc3 {[%emt 0:00:55] normal} 0-1

[Event "GER-ch Youth U14 2019"]
[Site "Willingen"]
[Date "2019.06.12"]
[Round "6.4"]
[White "Eilenberg, Jonas"]
[Black "Colbow, Collin"]
[Result "0-1"]
[ECO "A46"]
[WhiteElo "1934"]
[BlackElo "2169"]
[Annotator "NA"]
[PlyCount "86"]
[EventDate "2019.06.07"]
[EventType "swiss"]
[EventRounds "9"]
[EventCountry "GER"]
[SourceTitle "playchess.com"]
[Source "ChessBase"]
[SourceQuality "1"]
[TimeControl "40/5400+30:1800+30"]

1. d4 Nf6 2. Nf3 e6 3. e3 b6 4. Bd3 Bb7 5. O-O c5 6. c4 Be7 7. Nc3 cxd4 8. exd4 d5 9. cxd5 Nxd5 10. Ne5 O-O 11. Qh5 g6 12. Qh3 Nc6 13. Bh6 Nxd4 14. Bxf8 Bxf8 15. Nxd5 Qxd5 16. Rfe1 Bb4 17. Ng4 Qg5 18. Rf1 h5 19. Ne3 e5 20. Qg3 Qf6 21. h4 e4 22. Bc4 b5 23. Qc7 bxc4 24. Rfd1 Qc6 25. Qxc6 Nxc6 26. Rd7 Ba6 27. Nd5 Ne5 28. Nxb4 Nxd7 29. Nxa6 Ne5 30. Rd1 Nd3 31. Rd2 Rc8 32. Kf1 Kf8 33. a3 f5 34. g3 Ke7 35. Rc2 Kd6 36. Ke2 Kd5 37. Ke3 Rc6 38. Nb4+ Nxb4 39. axb4 Rb6 40. Kf4 Rxb4 41. Rd2+ Kc5 42. Kg5 Rb6 43. Rc2 Kb4 {[%emt 0:00:00] normal} 0-1

[Event "GER-ch Youth U14 2019"]
[Site "Willingen"]
[Date "2019.06.12"]
[Round "6.5"]
[White "Hetzner, Hannes"]
[Black "Musiolik, David"]
[Result "1/2-1/2"]
[ECO "E06"]
[WhiteElo "1996"]
[BlackElo "2132"]
[Annotator "NA"]
[PlyCount "78"]
[EventDate "2019.06.07"]
[EventType "swiss"]
[EventRounds "9"]
[EventCountry "GER"]
[SourceTitle "playchess.com"]
[Source "ChessBase"]
[SourceQuality "1"]
[TimeControl "40/5400+30:1800+30"]

1. d4 d5 2. c4 e6 3. Nf3 Nf6 4. g3 Be7 5. Bg2 O-O 6. O-O dxc4 7. Qc2 a6 8. a4 Nd5 9. Rd1 Nd7 10. e4 Nb4 11. Qxc4 b5 12. Qe2 bxa4 13. Nc3 Nb6 14. Ne5 Bd7 15. d5 exd5 16. exd5 Bd6 17. Nc6 Qe8 18. Nxb4 Bxb4 19. Be3 Bd6 20. Ne4 Bb5 21. Nxd6 cxd6 22. Qh5 Nc4 23. Bd4 f5 24. Qg5 Qf7 25. Bh3 h6 26. Qf4 Rae8 27. Bg2 Re2 28. Bf3 Re7 29. Bc3 Qg6 30. h4 Rfe8 31. Qd4 Ne5 32. Bg2 Qg4 33. Qxg4 fxg4 34. Re1 Nd3 35. Re6 Rxe6 36. dxe6 Nc5 37. Rd1 Nxe6 38. Rxd6 Nc5 39. Rg6 Re7 {normal} 1/2-1/2

[Event "GER-ch Youth U14 2019"]
[Site "Willingen"]
[Date "2019.06.12"]
[Round "6.6"]
[White "Elsner, Robert"]
[Black "Gallasch, Jonas"]
[Result "0-1"]
[ECO "A05"]
[WhiteElo "1745"]
[BlackElo "2137"]
[Annotator "NA"]
[PlyCount "65"]
[EventDate "2019.06.07"]
[EventType "swiss"]
[EventRounds "9"]
[EventCountry "GER"]
[SourceTitle "playchess.com"]
[Source "ChessBase"]
[SourceQuality "1"]
[TimeControl "40/5400+30:1800+30"]

1. Nf3 Nf6 2. c4 c5 3. g3 d5 4. Bg2 Nc6 5. O-O e5 6. cxd5 Nxd5 7. d3 Be7 8. Nbd2 Be6 9. a3 O-O 10. Qc2 f6 11. e3 Rc8 12. b3 Qd7 13. Bb2 Rfd8 14. Rfd1 b5 15. Rac1 Na5 16. Qb1 Nb6 17. d4 exd4 18. exd4 Nxb3 19. Rc3 Nxd2 20. Rxd2 c4 21. Nh4 Na4 22. Be4 Nxc3 23. Bxh7+ Kf8 24. Bxc3 Bxa3 25. d5 Bh3 26. Ng6+ Kf7 27. Nf4 Re8 28. Bxf6 gxf6 29. Qg6+ Ke7 30. d6+ Bxd6 31. Nd5+ Kd8 32. Qxf6+ Be7 33. Qa6 {[%emt 0:01:59] normal} 0-1

[Event "GER-ch Youth U14 2019"]
[Site "Willingen"]
[Date "2019.06.12"]
[Round "6.7"]
[White "Arakelian, Aik"]
[Black "Haack, Kevin"]
[Result "1/2-1/2"]
[ECO "B90"]
[WhiteElo "1911"]
[BlackElo "2033"]
[Annotator "NA"]
[PlyCount "114"]
[EventDate "2019.06.07"]
[EventType "swiss"]
[EventRounds "9"]
[EventCountry "GER"]
[SourceTitle "playchess.com"]
[Source "ChessBase"]
[SourceQuality "1"]
[TimeControl "40/5400+30:1800+30"]

1. e4 c5 2. Nf3 d6 3. d4 cxd4 4. Nxd4 Nf6 5. Nc3 a6 6. a4 g6 7. Bg5 Nbd7 8. a5 Bg7 9. Be2 O-O 10. O-O Qc7 11. Qd2 b6 12. axb6 Nxb6 13. Bh6 Bb7 14. Bxg7 Kxg7 15. f3 Rfd8 16. Rfd1 d5 17. exd5 Nbxd5 18. Nxd5 Nxd5 19. Qa5 e5 20. Qxc7 Nxc7 21. Nb3 Rxd1+ 22. Rxd1 Bd5 23. Nc5 a5 24. c4 Be6 25. Rd6 Kf8 26. Rc6 Ra7 27. Kf2 Ke7 28. Ke3 Bd7 29. Rb6 Ne6 30. Nxe6 Bxe6 31. g4 Rc7 32. b3 a4 33. bxa4 Bxc4 34. Bxc4 Rxc4 35. a5 Ra4 36. a6 f5 37. gxf5 gxf5 38. Rh6 Kd8 39. h4 Ra3+ 40. Ke2 f4 41. h5 Ke8 42. Kd2 Kf8 43. Kc2 Kg7 44. Kb2 Rxf3 45. Rxh7+ Kxh7 46. a7 Rf2+ 47. Kb3 Kh6 48. a8=Q Kxh5 49. Qe8+ Kg4 50. Qxe5 Rf3+ 51. Kc4 Re3 52. Qg7+ Kf3 53. Kd4 Re4+ 54. Kd5 Re1 55. Qg5 Re3 56. Qf5 Kg3 57. Kd4 Kf3 {[%emt 0:01:03] normal} 1/2-1/2